 Seeded DCSS version 0.27-a0-1046-g98bf31544f (webtiles) character file.

Game seed: 20210420 (custom seed)

3612 Snicker the Covert (level 9, 0/65 HPs)
             Began as a Demonspawn Brigand on Apr 20, 2021.
             Was an Initiate of Gozag.
             Slain by a vampire mosquito (6 damage)
             ... on level 7 of the Dungeon.
             The game lasted 00:12:18 (8227 turns).

Snicker the Covert (Demonspawn Brigand)             Turns: 8227, Time: 00:12:19

Health: 0/65       AC:  5    Str: 21    XL:     9   Next: 86%
Magic:  9/9        EV: 13    Int: 15    God:    Gozag
Gold:   711        SH:  0    Dex: 26    Spells: 6/8 levels left

rFire    . . .     SeeInvis .   a - +1 dagger (venom)
rCold    . . .     Faith    .   (no shield)
rNeg     . . .     Spirit   .   I - +1 leather armour of the Meadowlark {rCorr Str+4 Dex+4}
rPois    .         Reflect  .   (helmet restricted)
rElec    .         Harm     .   c - +0 cloak
rCorr    +         Rampage  .   (no gloves)
Will     .....                  (no boots)
Stlth    ++++......             (no amulet)
HPRegen  0.20/turn              j - +6 ring of strength
MPRegen  0.11/turn              u - +6 ring of dexterity

@: invisible
A: claws 2, hooves 1, horns 2
a: Renounce Religion, Potion Petition, Call Merchant, Bribe Branch


You were on level 7 of the Dungeon.
You worshipped Gozag.
Gozag was pleased with you.
You visited 2 branches of the dungeon, and saw 8 of its levels.

You collected 762 gold pieces.
You paid 51 gold pieces to Gozag.

Inventory:

Hand Weapons
 a - a +1 dagger of venom (weapon)
 x - a +2 dagger
Missiles
 d - 42 poisoned darts (quivered)
 B - a curare-tipped dart
Armour
 b - a +0 robe
 c - a +0 cloak (worn)
 t - a +1 ring mail of willpower
 I - the +1 leather armour of the Meadowlark (worn) {rCorr Str+4 Dex+4}
   (You took it off an orc wizard on level 4 of the Dungeon)

   It affects your strength (+4).
   It affects your dexterity (+4).
   It protects you from acid and corrosion.
Jewellery
 j - a +6 ring of strength (left claw)
 u - a +6 ring of dexterity (right claw)
 y - a ring of protection from fire
 D - a ring of flight
 F - an amulet of faith
Wands
 q - a wand of paralysis (5)
 s - a wand of iceblast (21)
 H - a wand of charming (11)
Scrolls
 f - 2 scrolls of teleportation {unknown}
 n - a scroll of fog {unknown}
 o - a scroll of fear {unknown}
 p - 6 scrolls of identify {unknown}
 r - a scroll of vulnerability {unknown}
 v - a scroll of enchant weapon {unknown}
 w - a scroll of immolation {unknown}
 z - a scroll of silence {unknown}
 C - a scroll of enchant armour {unknown}
 E - a scroll of acquirement {unknown}
Potions
 e - a potion of berserk rage {unknown}
 g - 2 potions of ambrosia {unknown}
 h - a potion of invisibility
 i - 2 potions of might
 k - 2 potions of attraction {unknown}
 m - a potion of mutation {unknown}
 A - 2 potions of curing {unknown}
 G - a potion of brilliance {unknown}


   Skills:
 + Level 4.0 Fighting
 * Level 7.6 Short Blades
 + Level 2.5 Throwing
 + Level 4.6 Armour
 + Level 2.7 Dodging
 * Level 8.6 Stealth
 + Level 0.3 Spellcasting
 * Level 3.9 Transmutations


You had 6 spell levels left.
You knew the following spells:

 Your Spells              Type           Power      Damage    Failure   Level
a - Wereblood             Tmut           12%        N/A       9%          2

Your spell library contained the following spells:

 Spells                   Type           Power      Damage    Failure   Level
 Beastly Appendage        Tmut           24%        N/A       6%          1
 Animate Skeleton         Necr           0%         N/A       30%         1
 Corona                   Hex            0%         N/A       30%         1
 Pain                     Necr           0%         1d4       30%         1
 Spider Form              Tmut/Pois      3%         N/A       38%         3
 Slow                     Hex            0%         N/A       43%         2
 Inner Flame              Hex/Fire       0%         N/A       67%         3
 Portal Projectile        Hex/Tloc       0%         N/A       67%         3
 Vampiric Draining        Necr           0%         2d6       67%         3
 Ice Form                 Ice/Tmut       6%         N/A       80%         4
 Hydra Form               Tmut           6%         N/A       86%         5
 Animate Dead             Necr           0%         N/A       97%         4
 Cause Fear               Hex            0%         N/A       97%         4
 Leda's Liquefaction      Hex/Erth       0%         N/A       97%         4
 Agony                    Necr           0%         N/A       100%        5


Dungeon Overview and Level Annotations

Branches:
Dungeon (7/15)             Temple (1/1) D:4

Altars:
Ashenzari
Fedhas
Gozag
Hepliaklqana
Kikubaaqudgha
Makhleb
Qazlal
Ru
Trog
Uskayaw
Vehumet
Wu Jian
Zin
The Shining One

Shops:
D:1 =*

Annotations:
D:7 exclusion: statue


Innate Abilities, Weirdness & Mutations

You have very sharp fingernails.
You have large cloven feet.
You have a pair of horns on your head.


Message History

The vampire mosquito is heavily damaged.
The vampire mosquito closely misses you.
You miss the vampire mosquito. You kick the vampire mosquito.
You headbutt the vampire mosquito.
The vampire mosquito is severely damaged.
The vampire mosquito bites you but does no damage.
You strike the helpless vampire mosquito from behind!
You skewer the vampire mosquito like a kebab!!!
You destroy the vampire mosquito!
You now have 711 gold pieces (gained 7).
The vampire mosquito becomes distracted by the nearby gold, dreaming of imaginary riches.
The vampire mosquito is no longer distracted by gold.
Really walk into a travel-excluded area?
The frost-covered statue gestures at the vampire mosquito.
The puff of frost hits the vampire mosquito!
Unknown command.
Things that are here:
a +0 ring mail; 7 bolts You start resting.
You flicker for a moment.
You start resting.
You flicker back into view.
You start resting.
Your magical contamination has completely faded away.
You start resting.
A vampire mosquito is nearby!
A vampire mosquito is nearby!
The vampire mosquito bites you!
* * * LOW HITPOINT WARNING * * *
The vampire mosquito draws strength from your injuries!
You hit the vampire mosquito but do no damage.
Your kick misses the vampire mosquito.
The vampire mosquito bites you but does no damage.
The vampire mosquito bites you.
* * * LOW HITPOINT WARNING * * *
The vampire mosquito draws strength from your injuries!
You fade into invisibility!
The vampire mosquito bites you.
You die...
Your body crumbles into a pile of gold.

.. #.##.##
#..#.8.#y.# .
#.##..#
#..#...#..# #.
##.# #..#._.#..#
#. #.#
#..#...#..# #.##
#..#...#y.# #..#
#..#...#$.#
##.###..##.##..#
#..##.y.......#
##.##@##..#####
#..#.##.##
##.#.##.#
#y#.##.#
#...##$#######
##...........#
#####
#...........#
###..<#
#...........#
#...#.#
#...........#


You could see a vampire mosquito.

Vanquished Creatures
  A two-headed ogre (D:5)
  3 vampire mosquitoes (D:7)
  A water moccasin (D:6)
  Edmund (D:6)
  2 ice beasts (D:6)
  2 black bears
  3 necrophages
  5 ogres
  2 centaurs (D:6)
  2 phantoms
  4 scorpions
  A wyvern skeleton (D:6)
  3 wights (D:7)
  2 bullfrog zombies (D:5)
  4 centaur skeletons
  4 orc priests
  A bullfrog skeleton (D:6)
  Natasha (twice) (D:2)
  An iguana (D:5)
  2 orc wizards
  A hound zombie (D:5)
  5 adders
  A white imp (D:6)
  2 worms
  2 dart slugs (D:1)
  25 orcs
  8 endoplasms
  2 giant cockroaches (D:4)
  6 goblins
  8 hobgoblins
  4 jackals (D:4)
  2 quokkas (D:1)
  4 ball pythons
  3 bats
  A frilled lizard (D:1)
  6 kobolds
  3 rats
129 creatures vanquished.

Vanquished Creatures (others)
  4 fungi (D:4)
  8 plants (D:4)
12 creatures vanquished.

Grand Total: 141 creatures vanquished

Notes
Turn   | Place    | Note
-------+----------+-------------------------------------------
     0 | D:1      | Snicker the Demonspawn Brigand began the quest for the Orb.
     0 | D:1      | Reached XP level 1. HP: 16/16 MP: 1/1
   182 | D:1      | Found Fouwni's Assorted Antiques.
   209 | D:1      | Gained mutation: You have large cloven feet. [demonic
                  | ancestry]
   209 | D:1      | Reached XP level 2. HP: 22/22 MP: 2/2
   211 | D:1      | Reached skill level 4 in Stealth
   379 | D:1      | Reached skill level 1 in Dodging
   465 | D:1      | Found Xideuh's Jewellery Boutique.
   720 | D:1      | Found a faded altar of an unknown god.
   943 | D:2      | Gained mutation: You have a pair of small horns on your
                  | head. [demonic ancestry]
   943 | D:2      | Reached XP level 3. HP: 24/27 MP: 3/3
  1563 | D:2      | Noticed Natasha
  1576 | D:2      | Killed Natasha
  1747 | D:2      | Noticed Natasha
  1753 | D:2      | Killed Natasha
  1754 | D:2      | Gained mutation: You have sharp fingernails. [demonic
                  | ancestry]
  1754 | D:2      | Reached XP level 4. HP: 11/33 MP: 4/4
  2155 | D:3      | Reached skill level 5 in Stealth
  2433 | D:3      | Gained mutation: You have a pair of horns on your head.
                  | [demonic ancestry]
  2433 | D:3      | Reached XP level 5. HP: 35/38 MP: 5/5
  2755 | D:3      | Paralysed by an orc for 6 turns
  2981 | D:4      | Noticed an ogre
  2982 | D:4      | Killed an ogre
  3000 | D:4      | Reached XP level 6. HP: 46/46 MP: 6/6
  3003 | D:4      | Learned a level 2 spell: Wereblood
  3692 | D:4      | Found a sacrificial altar of Ru.
  3692 | D:4      | Identified the +1 leather armour of the Meadowlark {rCorr
                  | Str+4 Dex+4}
  3939 | D:4      | Reached skill level 6 in Stealth
  4133 | D:4      | Found a staircase to the Ecumenical Temple.
  4205 | D:4      | Reached skill level 1 in Transmutations
  4205 | D:4      | Gained mutation: You have very sharp fingernails. [demonic
                  | ancestry]
  4205 | D:4      | Reached XP level 7. HP: 44/51 MP: 7/7
  4265 | Temple   | Entered the Ecumenical Temple
  4479 | Temple   | Became a worshipper of Gozag Ym Sagoz the Greedy
  4640 | D:4      | Reached skill level 1 in Armour
  4819 | D:5      | Entered Level 5 of the Dungeon
  4819 | D:5      | Noticed a two-headed ogre
  5167 | D:5      | Found an ancient bone altar of Kikubaaqudgha.
  5181 | D:5      | Noticed a +0 dagger
  5182 | D:5      | Found a hide-covered altar of Uskayaw.
  5182 | D:5      | Noticed a +0 hand axe
  5373 | D:5      | Reached skill level 5 in Short Blades
  5373 | D:5      | Reached XP level 8. HP: 41/58 MP: 8/8
  5652 | D:5      | Killed a two-headed ogre
  5653 | D:5      | Reached skill level 7 in Stealth
  5653 | D:5      | Reached XP level 9. HP: 39/65 MP: 9/9
  6265 | D:6      | Noticed Edmund
  6283 | D:6      | Killed Edmund
  7248 | D:6      | Reached skill level 8 in Stealth
  7638 | D:7      | Found a broken altar of Ashenzari.
  8120 | D:7      | Found a radiant altar of Vehumet.
  8227 | D:7      | Slain by a vampire mosquito

Illustrated notes

Levels and vault maps discovered:
D:1:      mainiacjoe_arrival_reflecting_pool, layout_loops_ring,
          hellmonk_ecumenical_altar_inner_sanctum, serial_shops, shop,
          nicolae_shop_crystal, hex_medium, minmay_ruptured
D:2:      layout_loops_ring, uniq_natasha
D:3:      layout_loops_cross
D:4:      layout_basic, nicolae_ru_the_path_less_chosen, temple_statues
D:5:      layout_basic, lemuel_round_altar, dancing_weapons_uskayaw,
          minmay_starry_boxes
D:6:      layout_loops_corners, uniq_edmund
D:7:      layout_basic, kennysheep_little_box, evilmike_ruin_ashenzari,
          vehumet_statue, david_defended_altar_orc
Temple:   compressed_dpeg_triangle_lava_temple

Skill      XL: |  1  2  3  4  5  6  7  8  9 |
---------------+----------------------------+-----
Short Blades   | 2 3 4 5 6 7 |  7.6
Stealth        | 4 5 6 7 8 |  8.6
Dodging        | 1 2 |  2.7
Throwing       | 2 |  2.5
Transmutations | 1 2 3 |  3.9
Armour         | 2 3 4 |  4.6
Fighting       | 3 4 |  4.0
Spellcasting   | |  0.3

Action                   |  1- 3 |  4- 6 |  7- 9 || total
-------------------------+-------+-------+-------++-------
Melee: Dagger            |    80 |   126 |   201 ||   407
       Kick              |    16 |    37 |   110 ||   163
       Headbutt          |     2 |    25 |    67 ||    94
Throw: Dart              |       |     3 |     6 ||     9
 Cast: Wereblood         |       |       |     1 ||     1
  Use: Potion            |     2 |       |     5 ||     7
 Stab: Sleeping          |     4 |     8 |    11 ||    23
       Distracted        |       |       |     3 ||     3
       Invisible         |       |       |     2 ||     2
Armor: Robe              |    12 |     5 |       ||    17
       Ring mail         |       |    12 |    45 ||    57
       Leather armour    |       |       |     6 ||     6
Dodge: Dodged            |    27 |    63 |    70 ||   160

Table legend: (Time is in decaauts)
 A = Elapsed time spent in this place.
 B = Non-inter-level travel time spent in this place.
 C = Inter-level travel time spent in this place.
 D = Time resting spent in this place.
 E = Time spent auto-exploring this place.
 F = Levels seen in this place.
 G = Mean time per level.
                   A        B        C        D        E       F      G
               +--------+--------+--------+--------+--------+-----+--------+
         Total |   8148 |   7626 |    522 |    571 |   5986 |   8 | 1018.5 |
       Dungeon |   7922 |   7421 |    501 |    571 |   5783 |   7 | 1131.7 |
        Temple |    225 |    204 |     21 |      0 |    203 |   1 |  225.0 |
               +--------+--------+--------+--------+--------+-----+--------+

Top non-repeatable levels by time:
     D:4: 2049 daAuts
     D:6: 1470 daAuts
     D:2: 1236 daAuts
     D:5: 1071 daAuts
     D:1: 915 daAuts
     D:3: 822 daAuts
     D:7: 358 daAuts
  Temple: 225 daAuts
